 Dungeon Crawl Stone Soup version 0.27.1-2-g3b301248ec (webtiles) character file.

Game seed: 5773144329508447899

825 SibleyIrresistible the Zephyrmancer (level 7, -43/42 HPs)
             Began as a Tengu Air Elementalist on Oct 4, 2021.
             Was a Follower of Vehumet.
             Annihilated by a boulder beetle (54 damage)
             ... on level 6 of the Dungeon on Oct 5, 2021.
             The game lasted 00:19:02 (6201 turns).

SibleyIrresistible the Zephyrmancer (TeAE)          Turns: 6201, Time: 00:19:03

Health: -43/42     AC:  4    Str:  9    XL:     7   Next: 96%
Magic:  2/11       EV: 14    Int: 17    God:    Vehumet [*.....]
Gold:   167        SH:  0    Dex: 14    Spells: 0/10 levels left

rFire    + . .     SeeInvis .   (no weapon)
rCold    . . .     Faith    .   (no shield)
rNeg     + . .     Spirit   .   t - +0 robe {Will+}
rPois    +         Reflect  .   (helmet restricted)
rElec    .         Harm     .   w - +1 cloak {rPois}
rCorr    .         Rampage  .   (no gloves)
Will     +....                  (boots unavailable)
Stlth    ++........             j - amulet of magic regeneration
HPRegen  0.14/turn              i - ring of positive energy
MPRegen  0.37/turn              r - ring of protection from fire

@: flying quickly and evasively, quick
A: beak, talons 3, nimble flight
a: Renounce Religion


You were on level 6 of the Dungeon.
You worshipped Vehumet.
Vehumet was aware of your devotion.
You visited 1 branch of the dungeon, and saw 6 of its levels.

You collected 167 gold pieces.

Inventory:

Hand Weapons
 v - a +3 quarterstaff of chaos
Missiles
 C - a throwing net
Armour
 e - a +0 robe of cold resistance
 t - a +0 robe of willpower (worn)
 w - a +1 cloak of poison resistance (worn)
Jewellery
 i - a ring of positive energy (left hand)
 j - an amulet of magic regeneration (around neck)
 r - a ring of protection from fire (right hand)
 x - a ring of resist corrosion
 z - a +6 ring of intelligence
Wands
 y - a wand of paralysis (7)
Scrolls
 a - 2 scrolls of identify
 g - a scroll of teleportation {unknown}
 h - 2 scrolls of immolation {unknown}
 k - a scroll of magic mapping {unknown}
 m - a scroll of noise {unknown}
 p - a scroll of fog
 q - a scroll of silence {unknown}
 s - a scroll of vulnerability {unknown}
 u - a scroll of fear {unknown}
 D - a scroll of brand weapon {unknown}
Potions
 b - 3 potions of might
 c - 2 potions of degeneration {unknown}
 d - a potion of haste {unknown}
 f - a potion of heal wounds {unknown}
 l - 3 potions of mutation {unknown}
 n - 4 potions of curing {unknown}
 o - a potion of lignification {unknown}
 A - a potion of attraction {unknown}
 B - a potion of invisibility {unknown}
 E - a potion of berserk rage {unknown}


   Skills:
 + Level 3.8 Fighting
 - Level 2.1 Dodging
 - Level 2.0 Stealth
 - Level 2.0 Spellcasting
 - Level 1.3 Conjurations
 * Level 10.6 Air Magic


You couldn't memorise any spells.
You knew the following spells:

 Your Spells              Type           Power      Damage    Failure   Level
a - Shock                 Conj/Air       88%        1d8       1%          1
b - Swiftness             Air            37%        N/A       1%          3
c - Static Discharge      Conj/Air       22%        N/A       2%          2
d - Airstrike             Air            18%        N/A       2%          4

Your spell library contained the following spells:

 Spells                   Type           Power      Damage    Failure   Level
 Freeze                   Ice            4%         1d3       19%         1
 Apportation              Tloc           2%         N/A       19%         1
 Alistair's Intoxication  Tmut/Pois      0%         N/A       99%         5
 Invisibility             Hex            0%         N/A       100%        6


Dungeon Overview and Level Annotations

Branches:
Dungeon (6/15)             Temple (0/1) D:4

Altars:
Ashenzari
Sif Muna
Vehumet
Wu Jian
Zin
The Shining One

Shops:
D:5 [

Annotations:
D:5 Sigmund


Innate Abilities, Weirdness & Mutations

You have a beak for a mouth.
You have claws for feet.
Your magical nature lets you fly swiftly and evasively.


Message History

The boulder beetle is struck by an arc of lightning!
The boulder beetle is moderately wounded.
You are struck by an arc of lightning.
The lightning grounds out.
The boulder beetle barely misses you.
Casting: Static Discharge (safe; 2% risk of failure)
Confirm with . or Enter, or press ? or * to list all spells.
The boulder beetle is struck by an arc of lightning.
The boulder beetle is moderately wounded.
You are struck by an arc of lightning.
The boulder beetle is struck by an arc of lightning.
The boulder beetle is heavily wounded.
The lightning grounds out.
The boulder beetle closely misses you.
Casting: Static Discharge (safe; 2% risk of failure)
Confirm with . or Enter, or press ? or * to list all spells.
The boulder beetle is struck by an arc of lightning!
The boulder beetle is heavily wounded.
You are struck by an arc of lightning.
The boulder beetle is struck by an arc of lightning.
The boulder beetle is severely wounded.
The lightning grounds out.
The boulder beetle bites you.
Casting: Static Discharge (safe; 2% risk of failure)
Confirm with . or Enter, or press ? or * to list all spells.
The boulder beetle is struck by an arc of lightning.
The boulder beetle is severely wounded.
The lightning grounds out.
The boulder beetle bites you!
Unknown command.
Casting: Static Discharge (safe; 2% risk of failure)
Confirm with . or Enter, or press ? or * to list all spells.
The boulder beetle is struck by an arc of lightning!
The boulder beetle is almost dead.
The lightning grounds out.
The boulder beetle bites you.
* * * LOW HITPOINT WARNING * * *
Unknown command.
The boulder beetle curls into a ball and begins rolling!
A bullfrog comes into view.
Found the +3 hat of Pondering {ponderous, Will+ MP+10 Int+5} and 24 stones.
The bullfrog gives a loud, deep croak!
The boulder beetle hits you!!!
Ouch! That really hurt!
You die...

########.#.## ##.####
#..... #..# #
##.##...##.# # ### #.#
##.##.### . .. #.#
#.....## #.####. #.#
####....
.(.....#####.### #..[...
...............##....##.
.......@## #.......#....
.[....#B>###..#....[..#.
.......F......#.###.#...
########°.........(.##..
##.°.#.........#...
#.○###.............
####°## #.............
##....# #.............
#..#### #.............


You could see a boulder beetle (rolling) and a bullfrog.

Vanquished Creatures
  The ghost of nxtlvl the Slasher, an amateur DEAr of Vehumet (D:5)
  An ogre (D:2)
  3 hounds (D:5)
  2 bullfrog skeletons
  3 orc priests (D:3)
  Crazy Yiuf (D:5)
  A gnoll shaman (D:6)
  3 iguanas
  A killer bee zombie (D:5)
  A hound skeleton (D:5)
  10 gnolls
  4 adders
  A white imp (D:6)
  An ufetubus (D:5)
  A worm (D:5)
  4 dart slugs
  8 orcs
  8 ball pythons
  5 bats
  4 endoplasms
  5 giant cockroaches
  7 goblins
  3 hobgoblins
  4 jackals (D:1)
  4 kobolds
  2 quokkas
  4 frilled lizards
  4 rats
96 creatures vanquished.

Vanquished Creatures (others)
  3 plants (D:1)
  A withered plant (D:2)
4 creatures vanquished.

Grand Total: 100 creatures vanquished

Notes
Turn   | Place    | Note
-------+----------+-------------------------------------------
     0 | D:1      | SibleyIrresistible the Tengu Air Elementalist began the
                  | quest for the Orb.
     0 | D:1      | Reached XP level 1. HP: 10/10 MP: 4/4
   204 | D:1      | Reached XP level 2. HP: 15/15 MP: 0/6
   496 | D:1      | Reached skill level 5 in Air Magic
   879 | D:1      | Reached XP level 3. HP: 19/19 MP: 2/7
  1474 | D:2      | Reached skill level 6 in Air Magic
  1554 | D:2      | Found a faded altar of an unknown god.
  1861 | D:2      | Noticed an ogre
  1904 | D:2      | Killed an ogre
  1905 | D:2      | Reached skill level 7 in Air Magic
  1905 | D:2      | Reached XP level 4. HP: 19/24 MP: 0/8
  1905 | D:2      | Gained mutation: Your magical nature lets you fly swiftly
                  | and evasively. [Tengu growth]
  1905 | D:2      | Reached XP level 5. HP: 23/28 MP: 0/9
  1962 | D:2      | Learned a level 3 spell: Swiftness
  1965 | D:2      | Learned a level 2 spell: Static Discharge
  2117 | D:3      | Found a shimmering blue altar of Sif Muna.
  2193 | D:3      | Found a radiant altar of Vehumet.
  2219 | D:3      | Became a worshipper of Vehumet
  2469 | D:3      | Found a glowing golden altar of the Shining One.
  2639 | D:3      | Reached skill level 8 in Air Magic
  2641 | D:3      | Reached skill level 1 in Fighting
  2648 | D:3      | Reached XP level 6. HP: 33/34 MP: 3/10
  3554 | D:4      | Found a staircase to the Ecumenical Temple.
  3809 | D:4      | Reached skill level 9 in Air Magic
  3863 | D:4      | Found a broken altar of Ashenzari.
  4144 | D:5      | Entered Level 5 of the Dungeon
  4189 | D:5      | Found an ornate altar of the Wu Jian Council.
  4301 | D:5      | Reached XP level 7. HP: 36/40 MP: 3/11
  4652 | D:5      | Found a runed translucent door.
  4652 | D:5      | Noticed nxtlvl's ghost (amateur DEAr)
  4660 | D:5      | HP: 1/40 [nxtlvl's ghost (3)]
  4661 | D:5      | Killed nxtlvl's ghost
  4968 | D:5      | Reached skill level 10 in Air Magic
  5059 | D:5      | Learned a level 4 spell: Airstrike
  5216 | D:5      | Found a runed translucent door.
  5217 | D:5      | Noticed Crazy Yiuf
  5239 | D:5      | Killed Crazy Yiuf
  5621 | D:5      | Found Jov Lown's Armour Shop.
  5698 | D:5      | Noticed Sigmund
  5938 | D:6      | Found a glowing silver altar of Zin.
  6143 | D:6      | Reached * piety under Vehumet
  6143 | D:6      | Offered knowledge of Freeze by Vehumet.
  6182 | D:6      | Noticed a boulder beetle
  6198 | D:6      | Found the +3 hat of Pondering {ponderous, Will+ MP+10
                  | Int+5}
  6201 | D:6      | Annihilated by a boulder beetle

Illustrated notes

Levels and vault maps discovered:
D:1:      roderic_crop_circles_arrival_small, layout_basic, serial_bayou_pond_e
D:2:      layout_basic, ebering_ecumenical_altar_petrified
D:3:      layout_basic, mainiacjoe_overflow_small_starburst,
          mainiacjoe_overflow_tiny_flanked, mainiacjoe_overflow_alcove_2
D:4:      layout_basic, lemuel_tele_altar, minmay_temple_entry_junction
D:5:      layout_basic, overflow_temple_1_default, gammafunk_ghost_grave,
          serial_shops, kennysheep_little_box, uniq_sigmund,
          uniq_crazy_yiuf_cottage
D:6:      layout_rooms, mainiacjoe_overflow_brackets, serial_shops,
          nicolae_lakefront_shop, serial_park_tiny_1

Skill      XL: |  1  2  3  4  5  6  7 |
---------------+----------------------+-----
Air Magic      | 5 7 8 9 10 | 10.6
Fighting       | 1 2 3 |  3.8
Dodging        | |  2.1
Stealth        | |  2.0
Spellcasting   | |  2.0
Conjurations   | |  1.3

Action                   |  1- 3 |  4- 6 |  7- 9 || total
-------------------------+-------+-------+-------++-------
Melee: Unarmed           |    12 |       |       ||    12
       Kick              |     5 |       |       ||     5
       Peck              |     3 |       |       ||     3
 Cast: Shock             |    78 |   131 |    80 ||   289
       Static Discharge  |       |       |     6 ||     6
  Use: Scroll            |       |       |     2 ||     2
Armor: Robe              |     1 |       |     1 ||     2
Dodge: Dodged            |     6 |    22 |    14 ||    42
